 Dungeon Sprint DCSS version 0.19.4-8-ga85b6b9 (webtiles) character file.

525 TryAgain the Fighter (level 10, -24/72 HPs)
             Began as a Gargoyle Fighter on Feb 10, 2017.
             Was a High Priest of the Shining One.
             Annihilated by a sun demon (28 damage)
             ... in the Dungeon (Sprint VI: "Thunderdome").
             The game lasted 00:09:23 (775 turns).

TryAgain the Fighter (Gargoyle Fighter)              Turns: 775, Time: 00:09:23

Health: -24/72     AC: 17    Str: 26    XL:     10   Next: 69%
Magic:  16/16      EV: 12    Int:  9    God:    the Shining One [*****.]
Gold:   172        SH: 13    Dex: 15    Spells: 0 memorised, 9 levels left

rFire  x . .     SeeInvis .     u - +2 flail (crush)
rCold  . . .     Gourm    .     b - +0 scale mail
rNeg   + + +     Faith    .     c - +0 shield
rPois  ∞         Spirit   .     (no helmet)
rElec  +         Reflect  .     t - +0 cloak
rCorr  .         Harm     +     (no gloves)
MR     .....     NoTele   +     (no boots)
Stlth  +.........               r - amulet "Feca Joe" {Harm *Drain Dex+3}
                                q - ring of Cibusa Maub {rElec rPois rF- Str+6 Stlth+}
                                p - ring of Absolutism {rN+ Slay+4}

@: glowing
A: negative energy resistance 1, electricity resistance, unbreathing,
petrification resistance, rot immunity, AC +7
a: Divine Shield, Cleansing Flame, Summon Divine Warrior, Renounce Religion
}: 1/15 runes: decaying


You were in the Dungeon.
You worshipped the Shining One.
The Shining One was extremely pleased with you.
You were not hungry.

You visited 1 branch You collected 850 gold pieces.
You spent 678 gold pieces at shops.

Inventory:

Hand Weapons
 g - the +6 scimitar "Varchyopi" {flame, rElec rC+ Int+2 SInv, unknown}
   (You found it in the Dungeon)

   It has been specially enchanted to burn those struck by it, causing extra
   injury to most foes and up to half again as much damage against particularly
   susceptible opponents.
   Big, fiery blades are also staple armaments of hydra-hunters.
   It affects your intelligence (+2).
   It protects you from cold.
   It insulates you from electricity.
   It lets you see invisible.
 u - a +2 flail of crushing (weapon)
Armour
 a - a +3 ring mail of poison resistance
 b - a +0 scale mail (worn)
 c - a +0 shield (worn)
 t - a +0 cloak (worn)
Jewellery
 p - the ring of Absolutism (left hand) {rN+ Slay+4}
   (You bought it in a shop in the Dungeon)

   [ring of positive energy]

   It affects your accuracy and damage with ranged weapons and melee attacks
   (+4).
   It protects you from negative energy.
 q - the ring of Cibusa Maub (right hand) {rElec rPois rF- Str+6 Stlth+}
   (You bought it in a shop in the Dungeon)

   [ring of stealth]

   It affects your strength (+6).
   It makes you vulnerable to fire.
   It insulates you from electricity.
   It protects you from poison.
   It makes you more stealthy.
 r - the amulet "Feca Joe" (around neck) {Harm *Drain Dex+3}
   (You bought it in a shop in the Dungeon)

   [amulet of harm]

   It increases damage dealt and taken.
   It affects your dexterity (+3).
   It causes draining when unequipped.
Wands
 l - a wand of acid (0/15)
 m - a wand of iceblast (0/15)
Scrolls
 k - 3 scrolls of blinking
 n - 3 scrolls of fog
Potions
 d - a potion of might
 e - 6 potions of curing
 h - 4 potions of haste
 i - 3 potions of magic
 j - a potion of berserk rage
 o - a potion of resistance
 s - a potion of brilliance {unknown}
 v - 3 potions of heal wounds
Comestibles
 f - a bread ration


   Skills:
 * Level 12.5 Fighting
 + Level 8.3 Maces & Flails
 * Level 10.7 Armour
 + Level 5.1 Dodging
 * Level 10.4 Shields
   Level 5.8 Earth Magic
 - Level 8.2 Invocations


You had 9 spell levels left.
You didn't know any spells.

Dungeon Overview and Level Annotations

Branches:
Dungeon (1/1)

Altars:
Cheibriados
Dithmenos
Fedhas
Gozag
Kikubaaqudgha
Makhleb
Okawaru
Qazlal
Ru
Sif Muna
Trog
Uskayaw
Vehumet
Xom
Yredelemnul
Zin
The Shining One
Beogh
Jiyva
Lugonu

Shops:
D *[%??*?*:[((!!!!


Innate Abilities, Weirdness & Mutations

You are resistant to torment.
Your stone body is resilient. (AC +7)
You are immune to poison.
You resist negative energy. (rN+)
You are resistant to electric shocks. (rElec)
You can survive without breathing.
You are immune to petrification.
You are immune to rotting.


Message History

The sun demon is lightly wounded.
You block the sun demon's attack.
You closely miss the sun demon.
The sun demon is lightly wounded.
You block the sun demon's attack.
You thump the sun demon!
The sun demon is moderately wounded.
You block the sun demon's attack.
The sun demon hits you but does no damage.
You sock the sun demon!
The sun demon is heavily wounded.
The sun demon hits you.
You are engulfed in flames!!
The fire burns you terribly!
* * * LOW HITPOINT WARNING * * *
You sock the sun demon!
The sun demon is severely wounded.
The sun demon hits you!
* * * LOW HITPOINT WARNING * * *
You are engulfed in flames!!
The fire burns you terribly!
You die...

##### ##⌠⌠⌠## #.....# ##.....##
##∩.....∩## #∩.......∩#
#_......._# #_...3..._#
#_....@.[_# ###....)..(.###
#⌠........(..÷#
######.8.)......(8.######
##∩___......###......._.∩##
###∩........8.# #.8........∩###
#.........(...###....(..).....##
⌠........(.###...###.........)⌠#
⌠..........# #.<.# #.......[..⌠#


You could see a sun demon.

Vanquished Creatures
  A wizard (D)
  Joseph (D)
  3 nagas (D)
  Edmund (D)
  3 big kobolds (D)
  Terence (D)
  Jessica (D)
  6 adders (D)
  A shadow imp (D)
  3 goblins (D)
  2 hobgoblins (D)
  A ball python (D)
  A kobold (D)
25 creatures vanquished.

Notes
Turn   | Place    | Note
-------+----------+-------------------------------------------
     0 | D        | TryAgain the Gargoyle Fighter began the quest for the Orb.
     0 | D        | Reached XP level 1. HP: 14/14 MP: 1/1
     1 | D        | Found a bloodstained altar of Trog.
     2 | D        | Found an opulent altar of Gozag.
     3 | D        | Found a hide-covered altar of Uskayaw.
     3 | D        | Found a burning altar of Makhleb.
     4 | D        | Found Cepnoung's Identification Station.
     4 | D        | Found a glowing golden altar of the Shining One.
     4 | D        | Found a shimmering altar of Xom.
     4 | D        | Found Eremubua's Bee Food.
     5 | D        | Found Lilefato's Advanced Armour.
     5 | D        | Found Ytuplekao's Jewellery.
     5 | D        | Round 1.
     9 | D        | Found an iron altar of Okawaru.
    13 | D        | Bought a steaming amber ring for 45 gold pieces
    13 | D        | Bought a slimy glass ring for 45 gold pieces
    13 | D        | Bought a flickering ivory amulet for 45 gold pieces
    13 | D        | Identified the amulet "Feca Joe" {Harm *Drain Dex+3} (You bought it in a shop in the Dungeon)
    14 | D        | Identified the ring of Absolutism {rN+ Slay+4} (You bought it in a shop in the Dungeon)
    15 | D        | Identified the ring of Cibusa Maub {rElec rPois rF- Str+6 Stlth+} (You bought it in a shop in the Dungeon)
    21 | D        | Became a worshipper of the Shining One
    31 | D        | Found a corrupted altar of Lugonu.
    32 | D        | Found Wanithoh's Premium Goods.
    34 | D        | Found Riacut's Miscellaneous Merchandise.
    34 | D        | Found Ceblu's Basic Armour.
    39 | D        | Found an ancient bone altar of Kikubaaqudgha.
    39 | D        | Found a radiant altar of Vehumet.
    39 | D        | Found a viscous altar of Jiyva.
    39 | D        | Found Olyiclid's Weapon Rack.
    46 | D        | Reached skill level 4 in Fighting
    46 | D        | Reached XP level 2. HP: 20/20 MP: 2/2
    48 | D        | Found a roughly hewn altar of Beogh.
    49 | D        | Found a stormy altar of Qazlal.
    50 | D        | Found a basalt altar of Yredelemnul.
    51 | D        | Found Pues's Do-It-Yourself Clinic.
    52 | D        | Found Gopsis's Bottled Wisdom.
    52 | D        | Found Wuqis's Distillery.
    52 | D        | Found a shadowy altar of Dithmenos.
    52 | D        | Found Ikhiluveu's Distillery.
    58 | D        | Found a snail-covered altar of Cheibriados.
    59 | D        | Found a blossoming altar of Fedhas.
    61 | D        | Noticed Jessica
    61 | D        | Reached * piety under the Shining One
    62 | D        | Found a glowing silver altar of Zin.
    63 | D        | Found Gokkuat's Staff Store.
    64 | D        | Found a sacrificial altar of Ru.
    64 | D        | Found a deep blue altar of Sif Muna.
    64 | D        | Found Zellil's Magic Scroll Shop.
    64 | D        | Found Jisivonuu's Must-Have Magic.
    64 | D        | Found Imatogie's Magic Scroll Shop.
    64 | D        | Noticed Terence
    65 | D        | Killed Jessica
    65 | D        | Reached skill level 5 in Fighting
    65 | D        | Reached XP level 3. HP: 22/26 MP: 3/3
    70 | D        | Killed Terence
    70 | D        | Arena points: 14 (+14) [x2]
    70 | D        | Reached skill level 6 in Fighting
    70 | D        | Reached skill level 5 in Armour
    70 | D        | Reached skill level 5 in Shields
    70 | D        | Reached XP level 4. HP: 28/32 MP: 4/4
   125 | D        | Bought a +0 cloak for 54 gold pieces
   131 | D        | Round 2.
   161 | D        | Reached ** piety under the Shining One
   173 | D        | Noticed a big kobold
   176 | D        | Noticed a big kobold
   181 | D        | Killed a big kobold
   181 | D        | Reached skill level 7 in Fighting
   181 | D        | Reached XP level 5. HP: 38/38 MP: 5/5
   184 | D        | Killed a big kobold
   184 | D        | Reached skill level 8 in Fighting
   184 | D        | Reached skill level 5 in Maces & Flails
   205 | D        | Noticed a big kobold
   209 | D        | Killed a big kobold
   209 | D        | Arena points: 56 (+42) [x3]
   209 | D        | Reached skill level 9 in Fighting
   209 | D        | Reached XP level 6. HP: 46/46 MP: 6/6
   233 | D        | Round 3.
   264 | D        | Noticed a naga
   272 | D        | Killed a naga
   272 | D        | Reached skill level 10 in Fighting
   281 | D        | Noticed a naga
   295 | D        | Noticed a naga
   295 | D        | Reached *** piety under the Shining One
   299 | D        | Killed a naga
   299 | D        | Reached XP level 7. HP: 46/53 MP: 7/7
   304 | D        | Killed a naga
   304 | D        | Reached skill level 11 in Fighting
   312 | D        | Arena points: 140 (+84) [x4]
   372 | D        | Round 4.
   372 | D        | Noticed Edmund
   384 | D        | Killed Edmund
   384 | D        | Reached skill level 1 in Dodging
   434 | D        | Noticed Joseph
   442 | D        | Killed Joseph
   442 | D        | Reached XP level 8. HP: 27/60 MP: 8/8
   472 | D        | Reached **** piety under the Shining One
   477 | D        | Arena points: 280 (+140) [x5]
   497 | D        | Bought a potion of experience for 300 gold pieces
   497 | D        | Reached XP level 9. HP: 39/65 MP: 8/15
   518 | D        | Round 5.
   549 | D        | Noticed a witch
   554 | D        | Noticed a six-headed hydra
   562 | D        | Noticed a four-headed hydra
   569 | D        | Killed a witch
   569 | D        | Reached ***** piety under the Shining One
   569 | D        | Arena points: 525 (+245) [x7]
   569 | D        | Reached skill level 12 in Fighting
   569 | D        | Reached skill level 10 in Armour
   569 | D        | Reached skill level 10 in Shields
   570 | D        | Got a smoking scimitar
   570 | D        | Got a decaying rune of Zot
   572 | D        | Reached skill level 5 in Dodging
   572 | D        | Reached skill level 5 in Earth Magic
   572 | D        | Reached XP level 10. HP: 63/72 MP: 16/16
   582 | D        | Bought 4 potions of curing for 84 gold pieces
   582 | D        | Bought 3 potions of heal wounds for 105 gold pieces
   746 | D        | Round 6.
   768 | D        | Noticed a sun demon
   775 | D        | Annihilated by a sun demon

Skill      XL: |  1  2  3  4  5  6  7  8  9 |
---------------+----------------------------+-----
Fighting       | 4 5 6 7 9 10 11 12 | 12.5
Armour         | 4 5 6 7 8 9 10 | 10.7
Shields        | 4 5 7 8 9 10 | 10.4
Maces & Flails | 3 4 5 6 7 8 |  8.3
Dodging        | 1 2 5 |  5.1
Invocations    | 8 |  8.2
Earth Magic    | 5 |  5.8

Action                   |  1- 3 |  4- 6 |  7- 9 | 10-12 || total
-------------------------+-------+-------+-------+-------++-------
Melee: Flail             |    10 |    35 |    29 |     5 ||    79
Evoke: Wand              |       |       |    10 |       ||    10
  Use: Potion            |       |       |     6 |       ||     6
       Scroll            |       |       |     1 |       ||     1
Armor: Scale mail        |     2 |    13 |    22 |     1 ||    38
Dodge: Dodged            |     1 |     4 |    10 |       ||    15
Block: Shield            |     5 |    24 |    25 |     3 ||    57
